 Dungeon Crawl Stone Soup version 0.29.1-2-gbd0b4ee654 (webtiles) character file.

Game seed: 5673046227184225516

59 DemonSlayer the Firebug (level 3, -10/24 HPs)
             Began as a Demonspawn Fire Elementalist on Nov 23, 2022.
             Killed from afar by Natasha (17 damage)
             ... with a bolt of dispelling energy
             ... on level 2 of the Dungeon.
             The game lasted 00:03:31 (1717 turns).

DemonSlayer the Firebug (DsFE)                      Turns: 1717, Time: 00:03:31

Health: -10/24     AC:  2    Str: 10    XL:     3   Next: 78%
Magic:  1/6        EV: 12    Int: 12    God:
Gold:   38         SH:  0    Dex: 13    Spells: 1/7 levels left

rFire   . . .      SeeInvis .   k - +6 short sword of Vaak {flame, +Blink rN+ Int-4}
rCold   . . .      Faith    .   (no shield)
rNeg    + . .      Spirit   .   a - +0 robe
rPois   .          Reflect  .   (no helmet)
rElec   .          Harm     .   j - scarf {+Inv}
rCorr   .          Rampage  .   (no gloves)
Will    .....                   (no boots)
Stlth   ++........              (no amulet)
HPRegen 0.08/turn               (no ring)
MPRegen 0.10/turn               (no ring)

@: no status effects
A: spiny 1, demonic touch 1
a: Evoke Blink, Evoke Invisibility


You were on level 2 of the Dungeon.
You visited 1 branch of the dungeon, and saw 2 of its levels.

You collected 38 gold pieces.

Inventory:

Hand Weapons
 k - the +6 short sword of Vaak (weapon) {flame, +Blink rN+ Int-4}
   (You found it on level 2 of the Dungeon)

   It burns those it strikes, dealing additional fire damage.
   Int:       It affects your intelligence (-4).
   rN:        It protects you from negative energy.
   +Blink:    It lets you blink.
Armour
 a - a +0 robe (worn)
 j - a scarf of invisibility (worn)
Scrolls
 g - a scroll of identify {unknown}
 h - a scroll of magic mapping {unknown}
Potions
 b - a potion of magic
 c - 3 potions of lignification {unknown}
 d - a potion of curing {unknown}
 e - a potion of invisibility {unknown}
 f - a potion of might
 i - a potion of heal wounds {unknown}


   Skills:
 + Level 2.0 Dodging
 + Level 2.1 Stealth
 + Level 0.3 Unarmed Combat
 + Level 2.5 Spellcasting
 + Level 1.9 Conjurations
 + Level 3.2 Fire Magic


You had one spell level left.
You knew the following spells:

 Your Spells              Type           Power      Damage    Failure   Level
a - Foxfire               Conj/Fire      28%        2x1d5     9%          1
b - Scorch                Fire           18%        2d6       11%         2
c - Conjure Flame         Conj/Fire      7%         6-21      26%         3

Your spell library contained the following spells:

 Spells                   Type           Power      Damage    Failure   Level
 Inner Flame              Hex/Fire       5%         N/A       38%         3
 Flame Wave               Conj/Fire      7%         2d5       65%         4
 Corpse Rot               Necr/Pois/Air  1%         N/A       95%         4
 Dispel Undead            Necr           1%         3d6       95%         4
 Death Channel            Necr           0%         N/A       100%        6


Dungeon Overview and Level Annotations

Branches:
Dungeon (2/15)

Altars:

Shops:
D:1 *

Annotations:
D:2 Natasha


Innate Abilities, Weirdness & Mutations

You are partially covered in sharp spines.
Your touch may inflict minor irresistible damage on your foes.


Message History

You are out of magic!
You are out of magic!
You hit Robin. You burn Robin.
You touch Robin!
You kill Robin!
A hobgoblin is nearby!
A hobgoblin is nearby!
A hobgoblin is nearby!
A hobgoblin is nearby!
Your foxfire dissipates!
Items here: ! ) [[.
Natasha, Servant of Life and Death comes into view.
She is carrying a wand of quicksilver (10).
The hobgoblin is struck by your spines. The hobgoblin closely misses you.
Natasha hisses angrily.
You puncture the hobgoblin! You burn the hobgoblin.
You kill the hobgoblin!
Natasha casts a spell.
You hit the goblin. You burn the goblin. Your touch misses the goblin.
The goblin is severely wounded.
The goblin drinks a potion.
The goblin seems to grow stronger.
The crimson imp puffs mist at you.
The crimson imp blinks!
You puncture the goblin! You burn the goblin.
You kill the goblin!
Natasha stares at you and mumbles some strange words.
The magic dart hits you!
Things that are here:
a +0 club; a goblin corpse A rat comes into view.
Found a hat.
The goblin no longer looks unusually strong.
Natasha zaps a wand.
The bolt of dispelling energy hits you!
* * * LOW HITPOINT WARNING * * *
You are too injured to fight recklessly!
You are too injured to fight recklessly!
Okay, then.
Things that are here:
a +0 club; a goblin corpse Natasha zaps a wand.
The bolt of dispelling energy hits you!
Ouch! That really hurt!
You die...

# #.#.##.# #....#
#.#.##.# #<# ..#....#
#g# # ###....# #g#.#
##...# #.#.##
##..#######?#####)#...
#..##..$ ......)g)..#
.#####..##.##
#.#####g†#.#
.........)@..# #g.# #
#.#########).# #....#
#h.# ..g)#### #.g#
#..g. #5..[.<...
#.##....g. #.# ...g.
#.. .... ... ....


You could see Natasha, a crimson imp (summoned) and a goblin.

Vanquished Creatures
  Robin (D:2)
  2 dart slugs
  3 bats
  2 endoplasms
  11 goblins
  8 hobgoblins
  5 kobolds
  A quokka (D:1)
  A ball python (D:1)
  A frilled lizard (D:1)
  5 rats (D:1)
40 creatures vanquished.

Vanquished Creatures (others)
  108 foxfires
108 creatures vanquished.

Grand Total: 148 creatures vanquished

Notes
Turn   | Place    | Note
-------+----------+-------------------------------------------
     0 | D:1      | DemonSlayer the Demonspawn Fire Elementalist began the
                  | quest for the Orb.
     0 | D:1      | Reached XP level 1. HP: 13/13 MP: 3/3
   503 | D:1      | Gained mutation: You are partially covered in sharp spines.
                  | [demonic ancestry]
   503 | D:1      | Reached XP level 2. HP: 19/19 MP: 0/5
   573 | D:1      | Found a faded altar of an unknown god.
   704 | D:1      | Found Sitim's Assorted Antiques.
  1273 | D:1      | Reached skill level 3 in Fire Magic
  1334 | D:1      | Gained mutation: Your touch may inflict minor irresistible
                  | damage on your foes. [demonic ancestry]
  1334 | D:1      | Reached XP level 3. HP: 24/24 MP: 4/6
  1457 | D:1      | Learned a level 2 spell: Scorch
  1461 | D:1      | Learned a level 3 spell: Conjure Flame
  1479 | D:2      | Identified the +6 short sword of Vaak {flame, +Blink rN+
                  | Int-4}
  1479 | D:2      | Identified the +1 helmet of Yttamp {rCorr Dex+2 Slay+2}
  1479 | D:2      | Noticed Robin
  1707 | D:2      | Killed Robin
  1710 | D:2      | Noticed Natasha
  1717 | D:2      | Killed from afar by Natasha

Illustrated notes

Levels and vault maps discovered:
D:1:      dpeg_arrival_another_circle, layout_basic, serial_shops,
          nicolae_square_shop, basic_ecumenical_altar, minmay_heptomino_h4
D:2:      layout_loops_ring, uniq_natasha, uniq_robin, uniq_crazy_yiuf_cottage

Skill      XL: |  1  2 |
---------------+-------+-----
Stealth        | 2 |  2.1
Dodging        | 2 |  2.0
Fire Magic     | 3 |  3.2
Unarmed Combat | |  0.3
Spellcasting   | |  2.5
Conjurations   | |  1.9

Action                   || total
-------------------------++-------
Melee: Unarmed           ||     7
       Short sword       ||    13
       Touch             ||     3
 Cast: Foxfire           ||    74
 Stab: Sleeping          ||     1
Armor: Robe              ||     9
Dodge: Dodged            ||    28
